 Dungeon Crawl Stone Soup version 0.26.0-45-g9c1d065592 (webtiles) character file.

Game seed: 5398643382256861777

1562 kaeus the Covert (level 8, -7/56 (58) HPs)
             Began as an Octopode Fighter on Jan 29, 2021.
             Mangled by a hell rat (16 damage)
             ... on level 5 of the Dungeon.
             The game lasted 00:04:33 (5830 turns).

kaeus the Covert (Octopode Fighter)                 Turns: 5830, Time: 00:04:34

HP:   -7/56 (58)    AC:  1    Str: 15    XL:     8   Next: 89%
MP:   2/2           EV: 12    Int: 11    God:
Gold: 305           SH:  8    Dex: 13    Spells: 7/7 levels left

rFire    . . .     SeeInvis .   j - +1 short sword (antimagic)
rCold    . . .     Faith    .   b - +0 kite shield
rNeg     . . .     Spirit   .   (helmet restricted)
rPois    .         Reflect  .   w - amulet of magic regeneration
rElec    .         Harm     .   (no ring)
rCorr    .         Rampage  .   (no ring)
Will     .....                  (no ring)
Stlth    +++++.....             (no ring)
HPRegen  0.18/turn              (no ring)
MPRegen  0.33/turn              (no ring)
                                (no ring)
                                (no ring)

@: hasted, lightly drained, very quick
A: almost no armour, stealthy swim, amphibious, 8 rings, constrict 8, camouflage
1, gelatinous body 1
a: no special abilities


You were on level 5 of the Dungeon.
You visited 1 branch of the dungeon, and saw 5 of its levels.

You collected 305 gold pieces.

Inventory:

Hand Weapons
 a - a +0 rapier
 j - a +1 antimagic short sword (weapon)
Missiles
 r - 22 poisoned darts
Armour
 b - a +0 kite shield (worn)
Jewellery
 d - an uncursed ring of ice
 w - an amulet of magic regeneration (around mantle)
Wands
 g - a wand of disintegration (15)
 t - a wand of paralysis (2)
Scrolls
 e - 2 scrolls of fear
 l - 6 scrolls of identify {unknown}
 m - a scroll of teleportation {unknown}
 n - 2 scrolls of magic mapping {unknown}
 o - 2 scrolls of fog {unknown}
 p - a scroll of enchant armour {unknown}
 q - 2 scrolls of enchant weapon {unknown}
 u - a scroll of immolation {unknown}
Potions
 c - 2 potions of might
 f - a potion of degeneration {unknown}
 h - a potion of mutation {unknown}
 i - a potion of brilliance {unknown}
 k - 4 potions of haste
 s - a potion of heal wounds
 v - a potion of ambrosia {unknown}
 x - a potion of flight {unknown}


   Skills:
 + Level 6.9 Fighting
 + Level 6.5 Short Blades
 - Level 3.0 Dodging
 + Level 8.7 Stealth
 - Level 3.0 Shields
 - Level 0.3 Spellcasting


You had 7 spell levels left.
You didn't know any spells.
Your spell library was empty.

Dungeon Overview and Level Annotations

Branches:
Dungeon (5/15)
 Temple: D:4-7

Altars:
Ashenzari

Shops:
D:4 *


Innate Abilities, Weirdness & Mutations

You cannot wear most types of armour.
You are very stealthy in the water. (Stealth+)
You are amphibious.
You can wear up to eight rings at the same time.
You can use your tentacles to constrict eight enemies at once.
Your skin changes colour to match your surroundings (Stealth+).
Your rubbery body absorbs attacks. (AC +1, EV +1)


Message History

There are monsters nearby!
You take 2 damage, and have 31/56 hp.
You completely miss the river rat. Your grab misses the river rat.
Your squeeze misses the river rat.
The river rat is lightly wounded.
The hell rat bites you! The rat bites you. The rat barely misses you.
There are monsters nearby!
You take 13 damage, and have 18/56 hp.
MASSIVE DAMAGE!!
You feel yourself speed up.
You hit the hell rat but do no damage. You grab the hell rat.
You squeeze the hell rat!
The hell rat is heavily wounded.
You constrict the hell rat. The hell rat bites you!
* * * LOW HITPOINT WARNING * * *
You take 11 damage, and have 9/56 hp.
You hit the hell rat but do no damage.
The hell rat is heavily wounded.
You constrict the hell rat, but do no damage.
The hell rat bites you!
You die...

...#####.......####.#...#.####...
..## ##......##..#.###.#...###.
..# #.....##.##### ######.##. ..#
#...###.##... .######.## ..#
#..##..##[...# ...##.†### .##
#..#.####...rr#..##†###.. ####
###.##.## #.r.rrr.##†##..
...##+##.#.#.#.#######r# #.##.#.#
..#........####.@##...#...##.##.#
..###.........###rrrr...###..##.#
.........##..## ###########..#...
.........##..# ##.......##.######
.....#.......###..#..........#
.....#.......##.............##
.#........>........###.##....#
######....###....#.# #####.###
##>..# #..#....# ###


You could see 2 hell rats and 2 rats.

Vanquished Creatures
  Sigmund (D:5)
  Edmund (D:5)
  A water moccasin (D:5)
  Duvessa (D:5)
  A sky beast (D:5)
  An ice beast (D:5)
  4 ogres
  Dowan (D:5)
  A hound (D:4)
  A centaur skeleton (D:4)
  A jelly (D:5)
  2 bullfrog skeletons
  An iguana (D:4)
  3 worker ants (D:4)
  7 gnolls (D:5)
  2 river rats (D:5)
  8 adders
  A white imp (D:3)
  An ooze (D:1)
  2 adder skeletons (D:5)
  6 dart slugs
  A leopard gecko (D:3)
  2 orcs (D:3)
  5 bats
  5 goblins
  6 hobgoblins
  4 jackals
  11 kobolds
  A quokka (D:2)
  4 ball pythons
  7 frilled lizards
  A leopard gecko skeleton (D:4)
  18 rats
112 creatures vanquished.

Notes
Turn   | Place    | Note
-------+----------+-------------------------------------------
     0 | D:1      | kaeus the Octopode Fighter began the quest for the Orb.
     0 | D:1      | Reached XP level 1. HP: 16/16 MP: 1/1
   474 | D:1      | Reached skill level 1 in Stealth
   474 | D:1      | Reached XP level 2. HP: 21/21 MP: 2/2
  1114 | D:1      | Reached XP level 3. HP: 26/26 MP: 1/3
  1176 | D:2      | Reached skill level 2 in Stealth
  1444 | D:2      | Found a broken altar of Ashenzari.
  1449 | D:2      | Saw a vision of the Shoals and the Spider Nest.
  1449 | D:2      | Noticed a scorpion
  1449 | D:2      | Noticed a redback
  1449 | D:2      | Noticed a redback
  1449 | D:2      | Noticed a sea snake
  1451 | D:2      | Noticed a hornet
  1452 | D:2      | Noticed a merfolk
  1452 | D:2      | Noticed a wolf spider
  1788 | D:3      | Reached XP level 4. HP: 32/32 MP: 1/4
  1913 | D:3      | Reached skill level 3 in Stealth
  1943 | D:3      | HP: 1/33 [poisoned by a kobold]
  2924 | D:4      | Reached XP level 5. HP: 37/37 MP: 1/5
  3115 | D:4      | Reached skill level 4 in Stealth
  3333 | D:4      | Found Cacwodas's Serpentskin Sales.
  3340 | D:4      | Reached XP level 6. HP: 44/44 MP: 2/6
  3666 | D:4      | Reached skill level 5 in Stealth
  3966 | D:4      | Reached skill level 5 in Fighting
  3966 | D:4      | Reached XP level 7. HP: 50/50 MP: 2/7
  4248 | D:4      | Reached skill level 6 in Stealth
  4464 | D:5      | Entered Level 5 of the Dungeon
  4488 | D:5      | Noticed Duvessa
  4489 | D:5      | Noticed Dowan
  4507 | D:5      | Killed Duvessa
  4508 | D:5      | Reached skill level 5 in Short Blades
  4508 | D:5      | Killed Dowan
  4911 | D:5      | Reached XP level 8. HP: 57/57 MP: 2/8
  4941 | D:5      | Reached skill level 7 in Stealth
  5532 | D:5      | Noticed Edmund
  5547 | D:5      | Killed Edmund
  5548 | D:5      | Reached skill level 8 in Stealth
  5601 | D:5      | Noticed Sigmund
  5605 | D:5      | Killed Sigmund
  5812 | D:5      | Found the +2 ratskin cloak {*Rats rPois rN+ Str-1 Int-1
                  | Dex+1}
  5830 | D:5      | Mangled by a hell rat

Illustrated notes

Levels and vault maps discovered:
D:1:      dpeg_arrival_subterranean_lakeside_camping, layout_basic,
          nrook_loot_triangle
D:2:      layout_basic, grunt_ashenzari_visionary
          [grunt_ashenzari_visionary_shoals, grunt_ashenzari_visionary_spider]
D:3:      layout_loops_ring
D:4:      kb_forest_paths, layout_basic, guppyfry_shop_venom
D:5:      wander_guarded_unrand_ratskin, layout_cave_pools,
          makhleb_grotto_becter, sigmund_edmund_badplayer, uniq_duvessa

Skill      XL: |  1  2  3  4  5  6  7  8 |
---------------+-------------------------+-----
Stealth        | 1 2 3 4 5 6 8 |  8.7
Short Blades   | 3 4 5 6 |  6.5
Fighting       | 4 5 6 |  6.9
Dodging        | |  3.0
Shields        | |  3.0
Spellcasting   | |  0.3

Action                   |  1- 3 |  4- 6 |  7- 9 || total
-------------------------+-------+-------+-------++-------
Melee: Rapier            |    12 |       |       ||    12
       Tentacles         |    13 |    16 |    17 ||    46
       Constrict         |    12 |    16 |    22 ||    50
       Short sword       |    57 |    84 |   100 ||   241
  Use: Scroll            |     4 |       |       ||     4
       Potion            |       |       |     4 ||     4
 Stab: Sleeping          |    12 |    11 |    14 ||    37
Armor: Skin              |     3 |     2 |     6 ||    11
Dodge: Dodged            |    20 |    24 |    50 ||    94
Block: Kite shield       |    18 |    35 |    34 ||    87
